Map: Abiogenesis LE

Players

trollbert

  • Race: Protoss Protoss
  • League: Platinum
  • Spawn Location: 11:00

RavaGe - Winner!

  • Race: Zerg Zerg
  • League: Platinum
  • Spawn Location: 5:00

VOD

Have the link to the VOD?

Description

Time

  • Played on: March 9, 2018, 10:41 a.m.
  • Length: 15:15
Show
View Real Time Build Order
Export as new Build Order

trollbert Protoss 

Build Orders:  

Get SALT Encoding   

  12  0:05  Probe (Chrono Boost)  
  13  0:15  Probe (Chrono Boost)  
  13  0:21  Pylon  
  14  0:25  Probe  
  15  0:44  Forge  
  15  0:46  Probe  
  16  0:57  Pylon  
  16  0:59  Probe  
  17  1:10  Pylon  
  17  1:22  Pylon  
  17  1:27  Probe (Chrono Boost)  
  17  1:31  Assimilator  
  18  1:37  Probe (Chrono Boost)  
  19  1:42  Photon Cannon  
  19  1:43  Probe  
  20  1:56  Photon Cannon  
  20  2:09  Pylon  
  20  2:13  Photon Cannon  
  20  2:15  Photon Cannon  
  20  2:23  Photon Cannon  
  20  2:26  Photon Cannon  
  20  2:27  Probe  
  21  2:37  Photon Cannon  
  21  2:46  Gateway  
  20  3:02  Probe  
  21  3:10  Gateway  
  21  3:12  Pylon  
  21  3:19  Photon Cannon  
  21  3:24  Assimilator  
  21  3:27  Probe  
  22  3:38  Photon Cannon  
  22  3:52  Photon Cannon  
  22  3:59  Cybernetics Core  
  22  4:02  Probe  
  23  4:09  Zealot (Chrono Boost)  
  27  4:19  Zealot (Chrono Boost)  
  27  4:23  Probe  
  28  4:37  Probe  
  29  4:45  Warp Gate (Chrono Boost), Stalker x2  
  33  5:07  Photon Cannon  
  33  5:08  Pylon  
  33  5:18  Stalker  
  33  5:19  Stalker  
  37  5:24  Probe  
  38  5:39  Probe  
  39  5:56  Stalker x2  
  43  6:12  Probe  
  44  6:19  Photon Cannon  
  42  6:30  Stalker x2  
  40  7:16  Twilight Council  
  40  7:25  Nexus  
  40  7:26  Adept x2  
  40  7:27  Pylon  
  44  7:30  Pylon  
  44  7:33  Assimilator  
  44  7:36  Nexus  
  44  8:04  Adept x2  
  47  8:13  Charge (Chrono Boost)  
  47  8:27  Stalker x2  
  47  8:31  Gateway  
  47  8:32  Gateway  
  51  8:37  Templar Archives  
  51  8:59  Adept x2, Protoss Ground Weapons Level 1 (Chrono Boost)  
  55  9:05  Probe (Chrono Boost)  
  57  9:17  Probe (Chrono Boost)  
  57  9:22  Probe (Chrono Boost)  
  57  9:23  Stalker  
  56  9:32  Probe  
  56  9:33  Pylon  
  57  9:44  Probe  
  58  9:56  Probe  
  55  10:08  Probe  
  55  10:10  Zealot x3  
  55  10:12  High Templar  
  55  10:13  Psionic Storm  
  58  10:20  Probe  
  57  10:33  Stargate  
  57  10:38  Stargate  
  57  10:40  Assimilator  
  57  10:44  Probe (Chrono Boost)  
  57  10:48  Assimilator  
  58  10:52  High Templar x2  
  58  10:54  Probe (Chrono Boost)  
  57  11:07  Archon  
  55  11:17  Zealot x2  
  43  11:42  High Templar  
  43  11:43  High Templar x3  
  51  11:51  Archon  
  47  12:16  Zealot x4  
  51  12:33  Archon  
  51  12:36  High Templar  
  53  12:37  High Templar  
  53  12:38  Zealot x2  
  59  13:01  High Templar  
  59  13:03  Zealot  
  63  13:11  Gateway  
  63  13:13  Gateway  
  63  13:14  Pylon  
  57  13:31  Archon  
  57  13:34  Stalker x3  
  37  13:57  Stalker  
Show
View Real Time Build Order
Export as new Build Order

RavaGe Zerg - Winner!

Build Orders: Pool First 

Get SALT Encoding   

  12  0:08  Drone x2  
  14  0:16  Overlord  
  14  0:26  Extractor, Drone  
  14  0:34  Drone  
  15  0:41  Drone  
  16  0:50  Spawning Pool  
  16  0:54  Drone  
  16  1:03  Drone  
  17  1:26  Hatchery  
  16  1:37  Zergling x2  
  16  1:38  Zergling x4  
  19  1:51  Zergling x2  
  20  2:06  Drone  
  21  2:15  Drone  
  21  2:37  Queen  
  21  2:40  Zergling x6  
  24  3:11  Hatchery  
  23  3:18  Zergling x2  
  22  3:41  Drone  
  22  3:42  Drone x5  
  26  4:28  Drone  
  26  4:29  Spawning Pool  
  26  4:30  Overlord  
  26  4:49  Extractor  
  26  4:50  Extractor  
  24  4:55  Drone x3  
  24  4:56  Drone x6  
  33  5:07  Hatchery  
  32  5:17  Zergling x4  
  32  5:19  Zergling x6  
  37  5:25  Zergling x8  
  41  5:38  Roach Warren, Overlord  
  41  6:02  Lair  
  41  6:03  Queen  
  40  6:07  Zergling x2  
  40  6:08  Zergling x4  
  42  6:17  Zergling x8  
  39  6:26  Zergling x6  
  42  6:34  Zergling x4  
  42  6:39  Zergling x4  
  38  6:55  Zergling x2  
  38  6:56  Zergling x8  
  38  6:58  Zergling x2  
  41  7:08  Zergling x4  
  41  7:09  Zergling x4  
  45  7:19  Roach x2  
  49  7:27  Overlord  
  49  7:41  Overlord  
  49  8:00  Overlord x4  
  49  8:10  Overlord x2  
  49  8:18  Overseer  
  49  8:19  Roach  
  51  8:20  Roach  
  53  8:28  Metabolic Boost  
  53  8:31  Roach x2  
  57  8:39  Drone x2  
  57  8:52  Ravager x3  
  57  8:54  Ravager  
  60  8:55  Drone x3  
  60  8:56  Drone x2  
  60  9:28  Roach x4  
  68  9:32  Overlord  
  68  9:36  Hatchery  
  56  10:06  Roach x6  
  62  10:13  Queen  
  64  10:17  Drone  
  64  10:18  Queen  
  63  10:26  Ravager x2  
  63  10:27  Ravager x2  
  67  10:29  Overseer  
  67  10:30  Drone x2  
  67  10:31  Drone  
  70  10:36  Glial Reconstitution  
  70  10:42  Evolution Chamber  
  69  10:43  Evolution Chamber  
  69  10:47  Drone x2  
  67  11:12  Roach x5  
  67  11:13  Roach  
  75  11:27  Roach x2  
  70  12:01  Drone x3  
  73  12:08  Extractor  
  73  12:11  Extractor  
  73  12:13  Hatchery  
  70  12:21  Overlord x3  
  70  12:26  Zerg Melee Weapons Level 1, Hydralisk Den  
  65  12:36  Roach  
  67  12:37  Roach x7  
  81  12:50  Ravager  
  82  12:52  Ravager x2  
  82  12:53  Ravager  
  82  12:54  Ravager x2  
  82  12:55  Roach  
  82  12:56  Overlord x4  
  82  12:58  Zergling x10  
  91  13:02  Queen, Drone  
  97  13:12  Hydralisk x2  
  87  13:36  Roach x5  
  94  13:45  Roach x2  
  94  13:47  Roach  
  93  13:50  Zergling x8  
  93  13:51  Zergling x4  
  88  14:02  Roach x3  
  94  14:04  Zergling x8  
  98  14:12  Roach  
  98  14:13  Roach  
  102  14:21  Drone  
  103  14:26  Drone  
  103  14:27  Drone x3  
  107  14:35  Roach x5  
  116  14:51  Roach  
  116  14:52  Roach x3  
Tags
 
Add a new tag
Caveats
  • Supply blocks, unpowered buildings, or Contaminate may cause inaccurate times.
  • Supply counts are checked every 10 seconds.